 Dungeon Crawl Stone Soup version 0.14-a0-3315-g09e681a (webtiles) character file.

344 BluebellGnoll the Sneak (level 5, -2/24 HPs)
             Began as a Spriggan Enchanter on Mar 15, 2014.
             Slain by a black bear (3 damage)
             ... on Level 4 of the Dungeon.
             The game lasted 00:16:57 (3903 turns).

BluebellGnoll the Sneak (Spriggan Enchanter)        Turns: 3903, Time: 00:16:57

HP  -2/24        AC  3     Str  4      XL: 5   Next: 66%
MP   8/19        EV 18     Int 18      God:
Gold 122         SH  0     Dex 17      Spells:  5 memorised,  2 levels left

rFire  . . .     SeeInvis +     a - +1 dagger
rCold  . . .     Clarity  .     b - +1 robe
rNeg   . . .     Conserve .     (shield restricted)
rPois  .         rCorr    .     (helmet restricted)
rElec  .         rRot     .     (no cloak)
SustAb . .       Spirit   .     (gloves unavailable)
rMut   .         Warding  .     (boots unavailable)
Saprov . . .     Stasis   .     (no amulet)
MR     .....                    r - +1 ring of dexterity
                                (no ring)

@: very quick, not resistant to hostile enchantments, quite stealthy
A: unfitting armour, see invisible, herbivore 3, speed 3, slow metabolism 2
a: no special abilities


You were on level 4 of the Dungeon.
You were not hungry.

You visited 1 branch of the dungeon, and saw 4 of its levels.

You collected 122 gold pieces.

Inventory:

Hand weapons
 a - a +1,+1 dagger (weapon)
Missiles
 d - 11 darts (quivered)
 o - 15 poisoned needles
Armour
 b - a +1 robe (worn)
Comestibles
 f - an apple
 i - a royal jelly
 v - a choko
Scrolls
 h - a scroll of identify
 j - a scroll of teleportation
 m - a scroll of noise
 n - 2 scrolls of fear
 p - a scroll of blinking {unknown}
 s - a scroll of remove curse
 t - a scroll of enchant weapon I {unknown}
 w - a scroll of recharging
Jewellery
 k - an uncursed ring of teleportation
 r - a +1 ring of dexterity (right hand)
 u - a cursed ring of positive energy {unknown}
Potions
 e - a potion of porridge
 g - 2 potions of curing
 l - a potion of agility {unknown}
 q - a potion of flight {unknown}
Books
 c - a book of Maledictions

   Spells                             Type                      Level
   *Corona                            Hexes                        1
   *Sure Blade                        Hexes/Charms                 2
   *Ensorcelled Hibernation           Hexes/Ice                    2
   *Confuse                           Hexes                        3
   *Enslavement                       Hexes                        4
   Invisibility                       Hexes                        6


   Skills:
 - Level 1.1 Short Blades
 - Level 1.1 Throwing
 - Level 3.0 Dodging
 - Level 5.8 Stealth
 - Level 5.3 Spellcasting
 + Level 4.8 Hexes


You had 2 spell levels left.
You knew the following spells:

 Your Spells              Type           Power        Failure   Level  Hunger
a - Corona                Hex            ###....      1%          1    None
b - Ensorcelled Hibernat  Hex/Ice        ##....       10%         2    None
c - Confuse               Hex            ###.....     6%          3    ###....
d - Sure Blade            Hex/Chrm       ##........   10%         2    None
e - Enslavement           Hex            ###.....     21%         4    ####...


Dungeon Overview and Level Annotations

Branches:
Dungeon (4/15)
 Temple: D:4-7

Altars:
Ashenzari


Innate Abilities, Weirdness & Mutations

You are tiny and cannot use many weapons and most armour.
You have supernaturally acute eyesight.
You are a herbivore.
You cover ground extremely quickly.
You need consume almost no food.


Message History

* * * LOW HITPOINT WARNING * * *
Casting: Confuse
Confirm with . or Enter, or press ? or * to list all spells.
Aiming: Confuse
Press: ? - help, Shift-Dir - straight line, f/p - black bear
Aim: a black bear (almost dead, berserk)
The black bear resists.
The black bear misses you. The black bear claws you.
* * * LOW HITPOINT WARNING * * *
The black bear misses you. The black bear claws you.
* * * LOW HITPOINT WARNING * * *
The black bear completely misses you.
The black bear rages.
The black bear rages.
Throwing (i - inventory):
d - 12 darts (quivered)
Press: ? - help, Shift-Dir - straight line, f/p - black bear
Aim: a black bear (almost dead, berserk)
You throw a dart. The dart misses the black bear.
The black bear barely misses you. The black bear claws you.
You die...

##.# ##### ##.#
#...#### #..# #......##
#..# #.......# ##.##
#.##...%# #..#
#.#####.### ##.## #.#
#...###########.##
#.#####.........@U..(##
..........############
...[......# ..####....#
..........# ..###...#.#
#.###...#.# #.......#.#
......#.#.#


You could see a black bear (berserk).

Vanquished Creatures
  2 orc priests (D:3)
  7 adders
  A giant gecko (D:3)
  3 oozes
  8 orcs (D:3)
  A ball python (D:3)
  7 bats
  7 giant cockroaches
  7 goblins
  14 hobgoblins
  4 jackals (D:3)
  3 giant newts
  10 kobolds
  11 rats
85 creatures vanquished.

Notes
Turn   | Place    | Note
--------------------------------------------------------------
     0 | D:1      | BluebellGnoll, the Spriggan Enchanter, began the quest for the Orb.
     0 | D:1      | Reached XP level 1. HP: 9/9 MP: 4/4
   145 | D:1      | Reached skill level 4 in Stealth
   327 | D:1      | Reached XP level 2. HP: 13/13 MP: 7/7
   331 | D:1      | Learned a level 2 spell: Ensorcelled Hibernation
   681 | D:1      | Reached skill level 5 in Stealth
  1184 | D:2      | Reached XP level 3. HP: 14/16 MP: 6/9
  1228 | D:2      | Learned a level 3 spell: Confuse
  2029 | D:2      | Learned a level 2 spell: Sure Blade
  2225 | D:2      | Reached XP level 4. HP: 15/21 MP: 10/13
  2343 | D:2      | Found a shattered altar of Ashenzari.
  2768 | D:3      | Reached XP level 5. HP: 24/24 MP: 7/18
  2778 | D:3      | Learned a level 4 spell: Enslavement
  3336 | D:3      | Reached skill level 5 in Spellcasting
  3871 | D:4      | Noticed a black bear
  3896 | D:4      | HP: 1/24 [black bear (1)]
  3903 | D:4      | Slain by a black bear

Action                   |  1- 3 |  4- 6 || total
-------------------------+-------+-------++-------
Melee: Dagger            |    78 |    94 ||   172
Throw: Dart              |     2 |     1 ||     3
 Cast: Corona            |     6 |       ||     6
       Ensorcelled Hiber |    28 |    51 ||    79
       Confuse           |       |     5 ||     5
  Use: Scroll            |       |     6 ||     6
 Stab: Sleeping          |    18 |    37 ||    55
       Confused          |       |     2 ||     2
